 Dungeon Crawl Stone Soup version 0.17.1-3-g152610e (webtiles) character file.

74 Keyn the Skirmisher (level 4, -1/37 HPs)
             Began as a Demonspawn Abyssal Knight on Apr 22, 2016.
             Was a Believer of Lugonu.
             Slain by a gnoll
             ... wielding a +0 halberd
              (13 damage)
             ... on level 2 of the Dungeon.
             The game lasted 00:04:38 (2176 turns).

Keyn the Skirmisher (Demonspawn Abyssal Knight)     Turns: 2176, Time: 00:04:39

Health: -1/37      AC:  3    Str: 14    XL:     4   Next: 9%
Magic:  5/5        EV: 11    Int: 13    God:    Lugonu [**....]
Gold:   90         SH:  0    Dex: 12    Spells: 0 memorised, 3 levels left

rFire  . . .     SeeInvis .     a - +1 falchion
rCold  . . .     Clarity  .     b - +0 leather armour
rNeg   . . .     SustAt   .     (no shield)
rPois  .         Gourm    .     (no helmet)
rElec  .         Spirit   .     (no cloak)
rCorr  .         Warding  .     (no gloves)
rMut   .         Stasis   .     (no boots)
MR     .....                    (no amulet)
Stlth  +.........               (no ring)
                                (no ring)

@: drained, not resistant to hostile enchantments, very unstealthy
A: hooves 1
a: Depart the Abyss, Bend Space, Renounce Religion


You were on level 2 of the Dungeon.
You worshipped Lugonu.
Lugonu was pleased with you.
You were not hungry.

You visited 1 branch of the dungeon, and saw 2 of its levels.
You visited the Abyss 1 time.

You collected 90 gold pieces.

Inventory:

Hand Weapons
 a - a +1 falchion (weapon)
Armour
 b - a +0 leather armour (worn)
 j - a +0 scale mail
 k - a +0 cloak
Wands
 q - a wand of flame (32)
Scrolls
 c - a scroll of fear {unknown}
 d - a scroll of recharging {unknown}
 e - a scroll of fog {unknown}
 g - 3 scrolls of identify {unknown}
 h - a scroll of enchant weapon {unknown}
 i - a scroll of random uselessness {unknown}
 n - a scroll of remove curse {unknown}
 o - a scroll of amnesia {unknown}
 p - a scroll of teleportation {unknown}
Potions
 f - a potion of might {unknown}
 l - a potion of beneficial mutation {unknown}
 m - a potion of poison {unknown}
 r - a potion of mutation {unknown}


   Skills:
 + Level 3.8(3.0) Fighting
 + Level 1.9(1.2) Long Blades
 + Level 2.6(1.9) Armour
 + Level 1.8(1.1) Dodging
 + Level 2.6(1.9) Invocations


You had 3 spell levels left.
You didn't know any spells.

Dungeon Overview and Level Annotations

Branches:
Dungeon (2/15)

Altars:


Innate Abilities, Weirdness & Mutations

You have large cloven feet.


Message History

The gnoll hits you with an enchanted whip.
You barely miss the gnoll.
The gnoll is severely wounded.
The gnoll barely misses you. The gnoll closely misses you.
You hit the gnoll.
You kill the gnoll!
Lugonu accepts your kill.
You have reached level 4!
You feel stronger. The gnoll barely misses you.
You closely miss the gnoll. You kick the gnoll, but do no damage.
The gnoll closely misses you. x2
You barely miss the gnoll. You kick the gnoll, but do no damage.
The gnoll closely misses you.
The gnoll hits you from afar with a halberd!
The gnoll hits you but does no damage.
You hit the gnoll. Your kick misses the gnoll.
The gnoll is lightly wounded.
The gnoll hits you from afar with a halberd!
You die...

##.#.# #...# ##..#
#.#####..###.#
#....).......#
########.########
................
################.#######
.............# #@#
.#####.....#.# #g#
.#...'.....#.# #.g#
.#.###.....#.# ##.# .#.#
#.....#.# .#
.#.###..#.##.# ..
........#.##.# ..#
.#.##...#.##.#####.#
.#.##......#.....#..


You could see 2 gnolls.

Vanquished Creatures
  A gnoll (D:2)
  2 adders (D:2)
  A giant gecko (D:1)
  4 bats (D:1)
  7 goblins
  6 hobgoblins
  4 jackals (D:2)
  A ball python (D:2)
  3 giant cockroaches
  2 giant newts
  8 kobolds
  9 rats
48 creatures vanquished.

Notes
Turn   | Place    | Note
--------------------------------------------------------------
     0 | Abyss:1  | Keyn the Demonspawn Abyssal Knight began the quest for the Orb.
     0 | Abyss:1  | Reached XP level 1. HP: 18/18 MP: 2/2
    18 | D:1      | Escaped the Abyss
    94 | D:1      | Reached skill level 1 in Dodging
   124 | D:1      | Gained mutation: You have large cloven feet. [demonic ancestry]
   124 | D:1      | Reached XP level 2. HP: 18/24 MP: 3/3
   493 | D:1      | Reached ** piety under Lugonu
  1146 | D:2      | Reached XP level 3. HP: 26/29 MP: 4/4
  2173 | D:2      | Reached XP level 4. HP: 24/37 MP: 5/5
  2176 | D:2      | Slain by a gnoll

Action                   |  1- 3 |  4- 6 || total
-------------------------+-------+-------++-------
Melee: Falchion          |   167 |     3 ||   170
  Eat: Bread ration      |     1 |       ||     1
